 Dungeon Crawl Stone Soup version 0.29.0-11-gd7f09526c8 (webtiles) character file.

Game seed: 2443593853709010294

49 Oxelix the Firebug (level 3, 0/19 HPs)
             Began as a Deep Elf Fire Elementalist on Sept 5, 2022.
             Killed from afar by Sigmund (8 damage)
             ... with a puff of flame
             ... on level 2 of the Dungeon.
             The game lasted 00:06:33 (1673 turns).

Oxelix the Firebug (Deep Elf Fire Elementalist)     Turns: 1673, Time: 00:06:36

Health: 0/19       AC:  2    Str:  5    XL:     3   Next: 53%
Magic:  8/9        EV: 12    Int: 21    God:
Gold:   127        SH:  0    Dex: 15    Spells: 5/8 levels left

rFire   . . .      SeeInvis .   (no weapon)
rCold   . . .      Faith    .   (no shield)
rNeg    . . .      Spirit   .   a - +0 robe
rPois   .          Reflect  .   (no helmet)
rElec   .          Harm     .   (no cloak)
rCorr   .          Rampage  .   (no gloves)
Will    .....                   (no boots)
Stlth   ++........              (no amulet)
HPRegen 0.06/turn               (no ring)
MPRegen 0.11/turn               (no ring)

@: no status effects
A: no striking features
a: no special abilities


You were on level 2 of the Dungeon.
You visited 1 branch of the dungeon, and saw 2 of its levels.

You collected 127 gold pieces.

Inventory:

Armour
 a - a +0 robe (worn)
Jewellery
 i - an amulet of regeneration
Scrolls
 d - a scroll of torment {unknown}
 e - a scroll of brand weapon {unknown}
 h - a scroll of amnesia {unknown}
 j - a scroll of magic mapping {unknown}
 k - a scroll of teleportation {unknown}
Potions
 b - a potion of magic
 c - 2 potions of heal wounds {unknown}
 f - 2 potions of lignification {unknown}
 g - a potion of invisibility {unknown}


   Skills:
 - Level 2.4 Dodging
 - Level 2.4 Stealth
 - Level 3.0 Spellcasting
 - Level 1.1 Conjurations
 * Level 5.1 Fire Magic


You had 5 spell levels left.
You knew the following spells:

 Your Spells              Type           Power      Damage    Failure   Level
a - Foxfire               Conj/Fire      64%        2x1d7     3%          1
b - Scorch                Fire           48%        2d7       2%          2

Your spell library contained the following spells:

 Spells                   Type           Power      Damage    Failure   Level
 Conjure Flame            Conj/Fire      16%        6-21      11%         3
 Inner Flame              Hex/Fire       13%        N/A       14%         3
 Flame Wave               Conj/Fire      16%        2d7       36%         4
 Irradiate                Conj/Tmut      2%         3d12      96%         5
 Blade Hands              Tmut           1%         N/A       98%         5
 Dragon Form              Tmut           1%         N/A       100%        7


Dungeon Overview and Level Annotations

Branches:
Dungeon (2/15)

Altars:
Elyvilon

Annotations:
D:2 Sigmund


Message History

You see here a +3 vorpal hand axe.
c - 2 red potions (gained 1)
Found a scroll labelled GUYTEE MAPAONK.
Found a stone staircase leading down.
j - a scroll labelled DULIERRAKO
k - a scroll labelled RAHAUSADEO
Found a robe.
A kobold comes into view. It is wielding a +0 short sword.
Found a puce potion.
Sigmund the Dreaded comes into view.
He is wielding a +0 scythe.
Casting: Foxfire (safe; 3% risk of failure)
Confirm with . or Enter, or press ? or * to list all spells.
You conjure some foxfire!
Casting: Foxfire (safe; 3% risk of failure)
Confirm with . or Enter, or press ? or * to list all spells.
You conjure some foxfire!
The foxfire hits the kobold.
The kobold is moderately wounded.
The foxfire hits the kobold.
You kill the kobold!
Your foxfire dissipates!
You see here a giant cockroach corpse.
You see here a bat corpse.
You start resting.
Magic restored.
Found a fuming orange potion.
Found a white marble altar of Elyvilon.
Sigmund shouts!
Sigmund drinks a potion.
Sigmund's spells are empowered!
Casting: Foxfire (safe; 3% risk of failure)
Confirm with . or Enter, or press ? or * to list all spells.
You can't see any susceptible monsters within range! (Use Z to cast anyway.)
Found a spear.
Sigmund casts a spell at you. The puff of flame hits you!
Ouch! That really hurt!
Casting: Foxfire (safe; 3% risk of failure)
Confirm with . or Enter, or press ? or * to list all spells.
You conjure some foxfire!
A ball python comes into view.
Sigmund gestures at you while chanting. The puff of flame hits you!
You die...

.....###.........##
#........)........# .#
##...###..........# .# .
#.†..##....†.....#..#.# #
#..#..#†.........#....#
###..##.#..............#
..#..##................#
#.....#...#......v...[.#
.>#.............@v##.....
#..........######?.......
..##..................)..
.###....#.#######.!......
# #...##.# #@.......
##.#.##.# .........
#....##.# )...!....
#.).##### .._.S.... #...#


You could see Sigmund (empowered, ally target) and a ball python (distracted).

Vanquished Creatures
  An adder (D:2)
  A worm (D:2)
  2 dart slugs (D:1)
  A ball python (D:1)
  6 endoplasms (D:2)
  3 giant cockroaches
  5 goblins
  2 hobgoblins
  4 bats
  3 kobolds
  2 rats (D:1)
30 creatures vanquished.

Vanquished Creatures (others)
  72 foxfires
72 creatures vanquished.

Grand Total: 102 creatures vanquished

Notes
Turn   | Place    | Note
-------+----------+-------------------------------------------
     0 | D:1      | Oxelix the Deep Elf Fire Elementalist began the quest for
                  | the Orb.
     0 | D:1      | Reached XP level 1. HP: 10/10 MP: 6/6
   610 | D:1      | Reached skill level 4 in Fire Magic
   610 | D:1      | Reached XP level 2. HP: 15/15 MP: 4/8
   859 | D:1      | Learned a level 2 spell: Scorch
  1428 | D:2      | Reached XP level 3. HP: 19/19 MP: 0/9
  1578 | D:2      | Reached skill level 5 in Fire Magic
  1609 | D:2      | Noticed Sigmund
  1670 | D:2      | Found a white marble altar of Elyvilon.
  1673 | D:2      | Killed from afar by Sigmund

Illustrated notes

Levels and vault maps discovered:
D:1:      eino_arrival_water_star, layout_loops_corners
D:2:      layout_rooms, ebering_ecumenical_altar_webs, basic_altar,
          uniq_sigmund, uniq_crazy_yiuf_cottage

Skill      XL: |  1  2  3 |
---------------+----------+-----
Fire Magic     | 4 5 |  5.1
Dodging        | |  2.4
Stealth        | |  2.4
Spellcasting   | |  3.0
Conjurations   | |  1.1

Action                   || total
-------------------------++-------
Melee: Unarmed           ||     2
 Cast: Foxfire           ||    49
       Scorch            ||     5
 Stab: Sleeping          ||     1
Armor: Robe              ||     5
Dodge: Dodged            ||    15
